 Dungeon Crawl Stone Soup version 0.28-a0-407-g69098e2f6d (webtiles) character file.

Game seed: 3328903776886306669

37030 Demosthentine the Impaler (level 13, -5/109 HPs)
             Began as a Merfolk Gladiator on Sept 6, 2021.
             Was a High Priest of the Shining One.
             Slain by Rupert (22 damage)
             ... on level 14 of the Dungeon.
             The game lasted 00:17:11 (17502 turns).

Demosthentine the Impaler (Merfolk Gladiator)      Turns: 17502, Time: 00:17:12

Health: -5/109     AC: 13    Str: 17    XL:     13   Next: 94%
Magic:  19/19      EV: 21    Int:  7    God:    the Shining One [*****.]
Gold:   701        SH:  7    Dex: 18    Spells: 12/12 levels left

rFire   + . .      SeeInvis .   q - +1 trident (freeze)
rCold   . . .      Faith    .   p - +2 buckler
rNeg    + + .      Spirit   .   A - +0 troll leather armour
rPois   .          Reflect  .   c - +0 helmet
rElec   .          Harm     .   D - +2 cloak {rCorr}
rCorr   +          Rampage  .   e - +1 pair of gloves
Will    .....                   j - +0 pair of boots
Stlth   +.........              t - amulet of the acrobat
HPRegen 1.28/turn               b - ring of protection from fire
MPRegen 0.16/turn               C - +4 ring of slaying

@: glowing
A: (nimble swimmer 2), mertail
a: Renounce Religion, Divine Shield, Cleansing Flame, Summon Divine Warrior


You were on level 14 of the Dungeon.
You worshipped the Shining One.
The Shining One was extremely pleased with you.
You visited 2 branches of the dungeon, and saw 15 of its levels.

You collected 998 gold pieces.
You spent 297 gold pieces at shops.

Inventory:

Hand Weapons
 q - a +1 trident of freezing (weapon)
 s - the +8 demon blade "Leech" {vamp, *Rage +Rage rN+}
   (You found it on level 9 of the Dungeon)

   It heals its wielder for a portion of the damage dealt every time it strikes
   a living foe.
   rN:        It protects you from negative energy.
   +Rage:     It lets you go berserk.
   *Rage:     It may make you go berserk in combat.
   The Shining One disapproves of the use of such an item.
 G - a +0 demon blade
Armour
 c - a +0 helmet (worn)
 d - a +2 leather armour of poison resistance
 e - a +1 pair of gloves (worn)
 j - a +0 pair of boots (worn)
 p - a +2 buckler (worn)
 A - a +0 troll leather armour (worn)
 D - a +2 cloak of preservation (worn)
Jewellery
 b - a ring of protection from fire (left hand)
 t - an amulet of the acrobat (around neck)
 C - a +4 ring of slaying (right hand)
Wands
 a - a wand of mindburst (12)
 r - a wand of polymorph (10)
 x - a wand of acid (23)
 z - a wand of iceblast (23)
 B - a wand of paralysis (20)
Scrolls
 g - 9 scrolls of teleportation
 m - a scroll of magic mapping
 o - 2 scrolls of enchant armour
 w - a scroll of enchant weapon
 y - 6 scrolls of identify
Potions
 f - 2 potions of curing
 h - 2 potions of mutation
 i - 2 potions of haste
 k - 2 potions of brilliance
 l - a potion of degeneration {unknown}
 n - 4 potions of might
 u - 2 potions of berserk rage
 E - a potion of flight
Miscellaneous
 F - a piece from Xom's chessboard (15/15)


   Skills:
 + Level 12.7 Fighting
 + Level 16.1 Polearms
 - Level 2.0 Throwing
 - Level 6.9 Armour
 + Level 15.0 Dodging
 - Level 4.0 Shields
 + Level 8.1 Invocations


You had 12 spell levels left.
You didn't know any spells.
Your spell library contained the following spells:

 Spells                   Type           Power      Damage    Failure   Level
 Animate Skeleton         Necr           0%         N/A       50%         1
 Apportation              Tloc           0%         N/A       50%         1
 Corona                   Hex            0%         N/A       50%         1
 Foxfire                  Conj/Fire      0%         2x1d4     50%         1
 Summon Small Mammal      Summ           0%         N/A       50%         1
 Conjure Flame            Conj/Fire      0%         6-21      86%         3
 Inner Flame              Hex/Fire       0%         N/A       86%         3
 Ozocubu's Armour         Ice            0%         N/A       86%         3
 Tukima's Dance           Hex            0%         N/A       86%         3
 Flame Wave               Conj/Fire      0%         3d3       99%         4
 Passage of Golubria      Tloc           N/A        N/A       99%         4
 Yara's Violent Unravell  Hex/Tmut       0%         3d3       100%        5
 Ozocubu's Refrigeration  Ice            0%         4d5       100%        7


Dungeon Overview and Level Annotations

Branches:
Dungeon (14/15)            Temple (1/1) D:6            Lair (0/6) D:11
    Orc (0/2) D:10         Vaults (0/5) D:14

Altars:
Ashenzari
Cheibriados
Dithmenos
Elyvilon
Fedhas
Gozag
Hepliaklqana
Kikubaaqudgha
Makhleb
Nemelex Xobeh
Okawaru
Qazlal
Ru
Sif Muna
Trog
Uskayaw
Vehumet
Wu Jian
Xom
Yredelemnul
Zin
The Shining One
Beogh

Shops:
D:12 [

Portals:
Trove: D:13 (give +6 demon blade)

Annotations:
D:4 2 transporters, Myro's ghost, novice GnEE
D:14 Rupert


Innate Abilities, Weirdness & Mutations

((You are quick and stealthy near water. (Stealth+, EV+, Speed+++)))
Your lower body shifts to a powerful aquatic tail in water.


Message History

Rupert struggles against the net.
You puncture Rupert! You freeze Rupert.
Rupert is moderately wounded.
Rupert struggles against the net.
The net rips apart, and Rupert comes free!
You hit Rupert but do no damage.
Rupert is moderately wounded.
You hit Rupert.
Rupert is moderately wounded.
Rupert hits you with a +2 great mace of protection!
Throw: throwing net
Press: ? - help, Q - select action, (/) - cycle Shift-Dir - straight line, f/p - Rupert
Aim: Rupert, wielding a +2 great mace of protection and wearing a +2 chain mail of cold resistance (moderately wounded, berserk, haloed, 89% to hit)
You throw a throwing net. The throwing net hits Rupert.
Rupert is caught in the net!
Rupert is moderately wounded.
Rupert struggles against the net. x2
You puncture Rupert! You freeze Rupert.
Rupert is moderately wounded.
You puncture Rupert!
Rupert is moderately wounded.
Rupert struggles against the net.
You puncture Rupert!
Rupert is heavily wounded.
Rupert struggles against the net.
The net rips apart, and Rupert comes free!
You hit Rupert.
Rupert is heavily wounded.
Rupert completely misses you.
You hit Rupert but do no damage.
Rupert is heavily wounded.
Rupert misses you.
You puncture Rupert! You freeze Rupert.
Rupert is heavily wounded.
Rupert hits you with a +2 great mace of protection!!!
* * * LOW HITPOINT WARNING * * *
You hit Rupert.
Rupert is heavily wounded.
Rupert hits you with a +2 great mace of protection!!
You die...

..........>.......#.#
#.###..#########..#.#
#.# #..#
.........#.##### #.#
#..# ...<#..........#
#.. ...#
#####..###.##.## #..
.... ...........# #..
..### ######.#..#
+.###.# #.#.## #@#.#
#@#.# #.#.# #.#.#
......... #.#.#
........# ..#.#
........# ###.#
........# ........#


You could see Rupert (berserk).

Vanquished Creatures
  An ironbound preserver (D:14)
  Nessos (D:14)
  Fannar (D:11)
  2 boulder beetles
  8 two-headed ogres
  2 centaur warriors (D:14)
  4 skeletal warriors
  A wizard (D:14)
  An orc knight (D:13)
  3 deep elf pyromancers
  2 ugly things
  3 manticores
  8 cyclopes
  Maurice (D:11)
  Psyche (D:11)
  An unseen horror (D:11)
  A kobold demonologist (D:13)
  A freezing wraith (D:14)
  A tengu conjurer (D:14)
  4 trolls
  8 slime creatures
  Sigmund (D:2)
  29 yaks
  2 shadows (D:10)
  2 water elementals
  A vampire (D:13)
  3 wyverns
  2 wraiths (D:13)
  A basilisk (D:14)
  3 vampire mosquitoes (D:14)
  A warg (D:13)
  3 acid dragons
  7 orc warriors
  An ice beast (D:6)
  4 sky beasts
  2 hornet zombies (D:8)
  2 necrophages (D:8)
  8 ogres
  3 wolves (D:10)
  7 centaurs
  A phantom (D:6)
  2 kobold brigands
  4 bullfrogs
  2 wyvern zombies (D:8)
  4 gnoll sergeants
  A water moccasin zombie (D:5)
  A water moccasin skeleton (D:4)
  13 wights
  5 killer bees (D:7)
  3 electric eels (D:11)
  2 howler monkeys (D:11)
  3 jellies
  5 centaur zombies
  4 hounds
  7 orc priests
  A human zombie (D:8)
  Crazy Yiuf (D:2)
  2 centaur skeletons (D:7)
  5 gnoll shamans
  10 orc wizards
  2 iguanas
  Natasha (twice) (D:2)
  3 killer bee zombies
  2 howler monkey zombies
  3 mummies (D:8)
  4 adders
  23 gnolls
  A shadow imp (D:6)
  2 white imps (D:6)
  2 adder skeletons (D:4)
  2 worms (D:2)
  2 dart slugs
  37 orcs
  4 ball pythons
  3 bats
  5 endoplasms
  6 giant cockroaches
  5 goblins
  7 hobgoblins
  15 kobolds
  2 quokkas (D:2)
  6 frilled lizards
  5 rats
356 creatures vanquished.

Vanquished Creatures (others)
  A howler monkey (D:11)
  4 fungi (D:9)
  11 plants (D:9)
16 creatures vanquished.

Grand Total: 372 creatures vanquished

Notes
Turn   | Place    | Note
-------+----------+-------------------------------------------
     0 | D:1      | Demosthentine the Merfolk Gladiator began the quest for the
                  | Orb.
     0 | D:1      | Reached XP level 1. HP: 16/16 MP: 1/1
   351 | D:1      | Reached XP level 2. HP: 19/23 MP: 2/2
   543 | D:1      | Found a faded altar of an unknown god.
  1203 | D:2      | Reached XP level 3. HP: 21/28 MP: 3/3
  1463 | D:2      | Reached skill level 5 in Polearms
  1634 | D:2      | Reached skill level 1 in Armour
  1636 | D:2      | Reached XP level 4. HP: 23/34 MP: 4/4
  1919 | D:2      | Noticed Natasha
  1930 | D:2      | Killed Natasha
  1931 | D:2      | Reached skill level 5 in Dodging
  2043 | D:2      | Noticed Sigmund
  2061 | D:2      | Killed Sigmund
  2062 | D:2      | Reached skill level 6 in Polearms
  2062 | D:2      | Reached XP level 5. HP: 16/42 MP: 5/5
  2062 | D:2      | Reached XP level 6. HP: 18/48 MP: 6/6
  2542 | D:2      | Noticed Natasha
  2554 | D:2      | Killed Natasha
  2641 | D:2      | Found a runed translucent door.
  2642 | D:2      | Noticed Crazy Yiuf
  2835 | D:2      | Killed Crazy Yiuf
  3666 | D:4      | Found a transporter.
  3669 | D:4      | Identified the +7 great mace "Olean" {drain, rPois Str+5}
  3669 | D:4      | Noticed Myro's ghost (novice GnEE)
  3670 | D:4      | Found a transporter.
  3768 | D:4      | Reached XP level 7. HP: 55/55 MP: 7/7
  4388 | D:5      | Entered Level 5 of the Dungeon
  4458 | D:5      | Reached skill level 7 in Polearms
  4607 | D:5      | Found the +8 trident of the Octopus King {venom, rElec
                  | rPois Will+}
  4950 | D:5      | Reached skill level 5 in Fighting
  5265 | D:6      | Found a staircase to the Ecumenical Temple.
  5313 | D:6      | Reached XP level 8. HP: 37/62 MP: 8/8
  5355 | Temple   | Entered the Ecumenical Temple
  5569 | Temple   | Became a worshipper of the Shining One
  6042 | D:6      | Reached skill level 8 in Polearms
  6042 | D:6      | Reached skill level 1 in Shields
  7028 | D:7      | Reached XP level 9. HP: 54/69 MP: 9/9
  7199 | D:7      | Reached skill level 9 in Polearms
  7417 | D:7      | Reached * piety under the Shining One
  7762 | D:7      | Reached skill level 10 in Polearms
  7926 | D:7      | Reached XP level 10. HP: 79/79 MP: 10/10
  8014 | D:7      | Reached ** piety under the Shining One
  8200 | D:7      | Identified the +6 plate armour of Tenacity {rPois Dex+3
                  | Stlth+}
  8274 | D:8      | Reached skill level 5 in Armour
  8414 | D:8      | Noticed a two-headed ogre
  8454 | D:7      | Killed a two-headed ogre
  8455 | D:7      | Reached skill level 11 in Polearms
  8455 | D:7      | Reached skill level 10 in Dodging
  8983 | D:8      | Identified the +1 plate armour of Zumuypsog {rElec Will-
                  | MP+9 SInv}
  8985 | D:8      | Found a radiant altar of Vehumet.
  9500 | D:8      | Found an ancient bone altar of Kikubaaqudgha.
  9646 | D:8      | Reached *** piety under the Shining One
 10404 | D:9      | Noticed a cyclops
 10405 | D:9      | Found the +8 demon blade "Leech" {vamp, *Rage +Rage rN+}
 10414 | D:9      | Killed a cyclops
 10583 | D:9      | Reached XP level 11. HP: 89/89 MP: 11/11
 10607 | D:9      | Reached skill level 12 in Polearms
 11335 | D:9      | Reached **** piety under the Shining One
 11875 | D:9      | Found the +8 mithril axe "Arga" {speed, Will+}
 11920 | D:10     | Entered Level 10 of the Dungeon
 11996 | D:10     | Noticed a two-headed ogre
 12002 | D:10     | Killed a two-headed ogre
 12135 | D:10     | Reached skill level 10 in Fighting
 12198 | D:10     | Reached skill level 13 in Polearms
 12727 | D:10     | Found a staircase to the Orcish Mines.
 13103 | D:11     | Noticed a cyclops
 13114 | D:11     | Noticed a two-headed ogre
 13361 | D:10     | Killed a two-headed ogre
 13362 | D:10     | Reached skill level 1 in Invocations
 13362 | D:10     | Reached XP level 12. HP: 64/98 MP: 11/13
 13844 | D:11     | Found a staircase to the Lair.
 13963 | D:11     | Noticed a two-headed ogre
 13971 | D:11     | Killed a two-headed ogre
 13989 | D:11     | Noticed Fannar
 14013 | D:11     | Killed Fannar
 14147 | D:11     | Noticed Maurice
 14164 | D:11     | Killed Maurice
 14292 | D:11     | Reached skill level 14 in Polearms
 14398 | D:11     | Noticed Psyche
 14398 | D:11     | Reached ***** piety under the Shining One
 14410 | D:11     | Killed Psyche
 14598 | D:11     | Noticed a two-headed ogre
 14607 | D:11     | Killed a two-headed ogre
 14763 | D:12     | Noticed a two-headed ogre
 14768 | D:12     | Reached skill level 5 in Invocations
 14780 | D:12     | Killed a two-headed ogre
 14844 | D:12     | Noticed a two-headed ogre
 14854 | D:12     | Killed a two-headed ogre
 14898 | D:12     | Found Weodau's Armour Shoppe.
 14902 | D:12     | Bought a +1 cloak of preservation for 297 gold pieces
 15130 | D:12     | Found a glowing silver altar of Zin.
 15260 | D:12     | Reached XP level 13. HP: 106/106 MP: 17/17
 15528 | D:13     | Reached skill level 15 in Polearms
 16308 | D:13     | Found a portal to a secret trove of treasure.
 17110 | D:14     | Noticed Nessos
 17128 | D:14     | Killed Nessos
 17343 | D:14     | Reached skill level 16 in Polearms
 17350 | D:14     | Found a gate to the Vaults.
 17350 | D:14     | Noticed an ironbound preserver
 17397 | D:14     | Killed an ironbound preserver
 17398 | D:14     | Reached skill level 15 in Dodging
 17477 | D:14     | Noticed Rupert
 17479 | D:14     | Paralysed by Rupert for 4 turns
 17502 | D:14     | Slain by Rupert

Illustrated notes

Levels and vault maps discovered:
D:1:      saegor_arrival_simple_e, layout_basic, shapermc_ecumenical_altar_gd
D:2:      layout_loops_ring, roderic_lattice_a, uniq_crazy_yiuf_cottage,
          uniq_natasha, uniq_sigmund
D:3:      layout_basic
D:4:      layout_rooms, gammafunk_ghost_smash, grunt_decor_arrowhead
D:5:      cheibrodos_quashed, layout_loops_ring
D:6:      layout_loops_cross, minmay_temple_entry_slanted, kennysheep_doodads
D:7:      layout_basic
D:8:      layout_layer_cave, lemuel_mausoleum_altar_kikubaaqudgha,
          minmay_ruined_shrine
D:9:      kennysheep_seaside_town, layout_basic, small_chamber_with_monster,
          corexii_checkpoint_a, evilmike_butchery
D:10:     layout_gridville, minmay_orc_entry_temple_small
D:11:     layout_small_grid, erik_lair_island, uniq_maurice, uniq_psyche,
          uniq_fannar
D:12:     layout_roguey, serial_shops, nicolae_shop_behind_doors, zin_academy
D:13:     layout_gridville, nicolae_trove_entry_free_sample, minmay_statues_item
D:14:     layout_basic, skrybe_vaults_entry_preservation,
          chequers_serial_rivers_room_a, minivault_16, uniq_nessos, uniq_rupert,
          uniq_azrael
Temple:   grunt_wide_crystal_templ

Skill      XL: |  1  2  3  4  5  6  7  8  9 10 11 12 13 |
---------------+----------------------------------------+-----
Polearms       | 5 6 7 8 10 11 13 14 16 | 16.1
Armour         | 1 2 3 4 5 6 |  6.9
Fighting       | 3 4 5 6 7 9 10 11 12 | 12.7
Dodging        | 5 6 7 8 9 11 12 13 15 | 15.0
Shields        | 2 4 |  4.0
Invocations    | 1 5 8 |  8.1
Throwing       | |  2.0

Action                   |  1- 3 |  4- 6 |  7- 9 | 10-12 | 13-15 || total
-------------------------+-------+-------+-------+-------+-------++-------
Melee: Trident           |    87 |   161 |   452 |   845 |   422 ||  1967
       Tailslap          |       |       |       |       |     7 ||     7
Throw: Throwing net      |       |     2 |     1 |       |     5 ||     8
Invok: Divine Shield     |       |       |       |       |     2 ||     2
  Use: Scroll            |       |     7 |     4 |     9 |     2 ||    22
       Potion            |       |       |     2 |     1 |     1 ||     4
 Stab: Sleeping          |     1 |     1 |       |       |       ||     2
       Held in net/web   |       |     2 |     1 |       |       ||     3
       Distracted        |       |     1 |       |       |       ||     1
Armor: Leather armour    |    16 |    21 |    97 |    95 |       ||   229
       Troll leather arm |       |       |       |    23 |    30 ||    53
Dodge: Dodged            |    45 |    71 |   269 |   370 |   196 ||   951
Block: Buckler           |       |       |       |    57 |   113 ||   170

Table legend: (Time is in decaauts)
 A = Elapsed time spent in this place.
 B = Non-inter-level travel time spent in this place.
 C = Inter-level travel time spent in this place.
 D = Time resting spent in this place.
 E = Time spent auto-exploring this place.
 F = Levels seen in this place.
 G = Mean time per level.
                   A        B        C        D        E       F      G
               +--------+--------+--------+--------+--------+-----+--------+
         Total |  17012 |  16399 |    613 |   1093 |  12187 |  15 | 1134.1 |
       Dungeon |  16779 |  16166 |    613 |   1093 |  12021 |  14 | 1198.5 |
        Temple |    232 |    232 |      0 |      0 |    166 |   1 |  232.0 |
               +--------+--------+--------+--------+--------+-----+--------+

Top non-repeatable levels by time:
    D:10: 1867 daAuts
     D:8: 1731 daAuts
     D:2: 1625 daAuts
     D:9: 1577 daAuts
     D:7: 1561 daAuts
     D:1: 1271 daAuts
     D:6: 1237 daAuts
    D:13: 1159 daAuts
     D:5: 1124 daAuts
    D:12: 898 daAuts
    D:11: 857 daAuts
     D:4: 785 daAuts
     D:3: 710 daAuts
    D:14: 371 daAuts
  Temple: 232 daAuts
